 Dungeon Crawl Stone Soup version 0.27.1 (webtiles) character file.

Game seed: 18051165893380060211

305 mediusvir the Chopper (level 6, -11/52 (56) HPs)
             Began as a Minotaur Berserker on Aug 31, 2021.
             Was a Believer of Trog.
             Mangled by a wight (15 damage)
             ... on level 4 of the Dungeon.
             The game lasted 00:08:00 (2637 turns).

mediusvir the Chopper (Minotaur Berserker)          Turns: 2637, Time: 00:08:01

HP:   -11/52 (56)   AC:  7    Str: 24    XL:     6   Next: 16%
MP:   5/5           EV: 11    Int:  4    God:    Trog [**....]
Gold: 125           SH:  0    Dex:  9    Spells: 5/5 levels left

rFire    . . .     SeeInvis .   a - +0 hand axe (vorpal)
rCold    . . .     Faith    .   (no shield)
rNeg     . . .     Spirit   .   g - +0 scale mail
rPois    .         Reflect  .   (helmet restricted)
rElec    .         Harm     .   (no cloak)
rCorr    .         Rampage  .   (no gloves)
Will     +++..                  (no boots)
Stlth    ..........             (no amulet)
HPRegen  1.17/turn              n - ring of willpower
MPRegen  0.09/turn              (no ring)

@: strong-willed (expiring), on berserk cooldown, regenerating (expiring),
slowed, drained, very slow
A: horns 2, retaliatory headbutt
a: Renounce Religion, Berserk, Trog's Hand


You were on level 4 of the Dungeon.
You worshipped Trog.
Trog was pleased with you.
You visited 1 branch of the dungeon, and saw 4 of its levels.

You collected 125 gold pieces.

Inventory:

Hand Weapons
 a - a +0 vorpal hand axe (weapon)
Missiles
 l - 8 boomerangs (quivered)
Armour
 b - a +0 animal skin
 g - a +0 scale mail (worn)
Jewellery
 n - a ring of willpower (left hand)
Scrolls
 c - 2 scrolls of identify
 d - a scroll of teleportation {unknown}
 e - a scroll of amnesia {unknown}
 i - 2 scrolls of blinking {unknown}
 m - 2 scrolls of brand weapon
Potions
 f - a potion of heal wounds {unknown}
 h - 2 potions of attraction
 j - a potion of ambrosia {unknown}
 k - a potion of curing {unknown}
 o - 2 potions of flight {unknown}


   Skills:
 + Level 5.1 Fighting
 + Level 5.8 Axes
 + Level 4.3 Armour
 + Level 3.3 Dodging
 + Level 0.4 Stealth


You had 5 spell levels left.
You didn't know any spells.
Your spell library was empty.

Dungeon Overview and Level Annotations

Branches:
Dungeon (4/15)
 Temple: D:4-7

Altars:
Kikubaaqudgha


Innate Abilities, Weirdness & Mutations

You have a pair of horns on your head.
You reflexively headbutt those who attack you in melee.


Message History

You slash the adder!
The adder is almost dead.
The adder bites you but does no damage. x2
You slash the adder!
You kill the adder!
Trog accepts your kill. The wight barely misses you.
The wight closely misses you.
The wight hits you with a +5 morningstar.
You see here a +0 dagger.
The wight hits you with a +5 morningstar!
You feel drained.
You see here a +0 giant club.
Your skin crawls.
You feel strong-willed. The wight hits you but does no damage.
The wight hits you with a +5 morningstar!
* * * LOW HITPOINT WARNING * * *
A centaur zombie comes into view.
The wight barely misses you.
Found 10 gold pieces.
The wight barely misses you. You furiously retaliate!
You headbutt the wight, but do no damage.
The wight hits you with a +5 morningstar!
* * * LOW HITPOINT WARNING * * *
You feel drained.
* * * LOW HITPOINT WARNING * * *
The wight hits you with a +5 morningstar!
* * * LOW HITPOINT WARNING * * *
You closely miss the wight.
You headbutt the wight, but do no damage.
The wight hits you with a +5 morningstar.
* * * LOW HITPOINT WARNING * * *
The wight hits you with a +5 morningstar.
* * * LOW HITPOINT WARNING * * *
You closely miss the wight.
You headbutt the wight, but do no damage.
You barely miss the worm.
You feel the effects of Trog's Hand fading.
The wight hits you with a +5 morningstar!
You die...

#.# ##########.#
........#.#######
#.# #...........#
####.###...........#
......##...........#
.....)##.......w...#
..††)).........z@$.#
.Z.#.#........######
##.#.#........##
#.#.#.........#
#.#.#.........##
#.#.#########..#
....# # #..# .###.
.. ##.# ###
...####.###<#


You could see a worm and a wight.

Vanquished Creatures
  An ogre (D:4)
  A hound (D:4)
  Terence (D:2)
  Natasha (D:3)
  An orc wizard (D:3)
  5 adders
  2 dart slugs (D:1)
  5 orcs
  4 ball pythons
  3 bats
  3 endoplasms
  3 giant cockroaches
  9 goblins
  5 hobgoblins
  4 jackals (D:2)
  3 quokkas (D:1)
  3 frilled lizards
  8 kobolds
  8 rats
70 creatures vanquished.

Notes
Turn   | Place    | Note
-------+----------+-------------------------------------------
     0 | D:1      | mediusvir the Minotaur Berserker began the quest for the
                  | Orb.
     0 | D:1      | Reached XP level 1. HP: 19/19 MP: 0/0
   155 | D:1      | Reached XP level 2. HP: 22/27 MP: 1/1
   932 | D:1      | Found a faded altar of an unknown god.
   952 | D:1      | Reached XP level 3. HP: 30/33 MP: 2/2
  1233 | D:2      | Noticed Terence
  1242 | D:2      | Killed Terence
  1432 | D:2      | Reached ** piety under Trog
  1433 | D:2      | Reached XP level 4. HP: 33/41 MP: 3/3
  1518 | D:2      | Found an ancient bone altar of Kikubaaqudgha.
  2283 | D:3      | Noticed Natasha
  2291 | D:3      | Killed Natasha
  2292 | D:3      | Reached skill level 5 in Axes
  2309 | D:3      | Reached XP level 5. HP: 29/47 MP: 4/4
  2596 | D:4      | Noticed an ogre
  2610 | D:4      | Killed an ogre
  2611 | D:4      | Reached skill level 5 in Fighting
  2611 | D:4      | Reached XP level 6. HP: 54/56 MP: 5/5
  2619 | D:4      | Reached *** piety under Trog
  2636 | D:4      | HP: 2/52 [wight (6)]
  2637 | D:4      | Mangled by a wight

Illustrated notes

Levels and vault maps discovered:
D:1:      nzn_arrival_settlement, layout_basic,
          dreamdust_ecumenical_altar_angels_and_demons,
          minmay_misc_feat_more_columns
D:2:      layout_rooms, basic_altar, uniq_terence
D:3:      layout_basic, uniq_natasha
D:4:      layout_basic, minmay_temple_entry_statues_pillars

Skill      XL: |  1  2  3  4  5 |
---------------+----------------+-----
Fighting       | 4 5 |  5.1
Axes           | 4 5 |  5.8
Armour         | 3 4 |  4.3
Dodging        | 3 |  3.3
Stealth        | |  0.4

Action                   |  1- 3 |  4- 6 || total
-------------------------+-------+-------++-------
Melee: Hand axe          |    58 |    87 ||   145
       Headbutt          |     6 |    12 ||    18
Invok: Berserk           |     1 |     3 ||     4
       Trog's Hand       |       |     1 ||     1
  Use: Scroll            |       |     2 ||     2
Armor: Animal skin       |    12 |       ||    12
       Scale mail        |    14 |    40 ||    54
Dodge: Dodged            |    52 |    60 ||   112
